 Dungeon Crawl Stone Soup version 0.30.0-13-g156ef70053 (webtiles) character file.

Game seed: 15638166531109028934

95 Iich the Chopper (level 4, -3/41 HPs)
             Began as a Hill Orc Fighter on May 17, 2023.
             Splashed by a jelly's acid (10 damage)
             ... on level 3 of the Dungeon.
             The game lasted 00:03:36 (1113 turns).

Iich the Chopper (Hill Orc Fighter)                 Turns: 1113, Time: 00:03:37

Health: -3/41      AC:  4    Str: 16 (18) XL:     4   Next: 66%
Magic:  4/4        EV:  8    Int:  6 (8)  God:
Gold:   93         SH:  4    Dex:  9 (12) Spells: 3/3 levels left

rFire   . . .        a - +0 war axe
rCold   . . .        c - +0 buckler
rNeg    . . .        b - +0 scale mail
rPois   +            k - +0 helmet
rElec   .            (no cloak)
rCorr   .            (no gloves)
SInv    .            (no boots)
Will    .....        (no amulet) Stlth
                     (no ring)
HPRegen 0.26/turn    (no ring)
MPRegen 0.09/turn

%: clarity
@: corroded, unable to read
A: clarity, poison resistance, inability to read after injury 1
a: no special abilities


You were on level 3 of the Dungeon.
You visited 1 branch of the dungeon, and saw 3 of its levels.

You collected 93 gold pieces.

Inventory:

Hand Weapons
 a - a +0 war axe (weapon)
Armour
 b - a +0 scale mail (worn)
 c - a +0 buckler (worn)
 k - a +0 helmet (worn)
Scrolls
 g - a scroll of magic mapping
 m - a scroll of amnesia
 n - a scroll of noise
 t - a scroll of teleportation
Potions
 d - a potion of might
 e - a potion of lignification {unknown}
 f - a potion of cancellation {unknown}
 h - a potion of brilliance {unknown}
 j - a potion of ambrosia {unknown}
 l - 2 potions of heal wounds
 o - a potion of flight {unknown}
 p - a potion of degeneration
 q - a potion of mutation


   Skills:
 + Level 4.6 Fighting
 * Level 5.4 Axes
 - Level 3.2 Armour
 - Level 3.2 Shields


You had 3 spell levels left.
You didn't know any spells.
Your spell library was empty.

Dungeon Overview and Level Annotations

Branches:
Dungeon (3/15)

Altars:


Innate Abilities, Weirdness & Mutations

You possess an exceptional clarity of mind.
Your system is resistant to poisons. (rPois)
You occasionally lose the ability to read scrolls when taking damage.


Message History

The hobgoblin is severely wounded.
The hobgoblin hits you but does no damage.
You barely miss the hobgoblin.
The hobgoblin is severely wounded.
You block the hobgoblin's attack.
You hit the hobgoblin but do no damage.
The hobgoblin is severely wounded.
You block the hobgoblin's attack. The hobgoblin hits you.
You take 2 damage, and have 39/41 hp.
You barely miss the hobgoblin.
The hobgoblin is severely wounded.
The hobgoblin barely misses you.
You barely miss the hobgoblin.
The hobgoblin is severely wounded.
The hobgoblin hits you.
You take 4 damage, and have 35/41 hp.
You hit the hobgoblin.
You kill the hobgoblin!
You barely miss the goblin. You block the goblin's attack.
You closely miss the goblin. You block the goblin's attack.
The goblin barely misses you.
You slash the goblin!
You kill the goblin!
You hit the jelly. The acid corrodes you!
Your hands burn!
The jelly is moderately wounded.
You block the jelly's attack.
You take 5 damage, and have 32/41 hp.
You hit the jelly but do no damage.
Your hands burn!
The jelly is moderately wounded.
The jelly hits you but does no damage.
You take 5 damage, and have 27/41 hp.
You hit the jelly.
Your hands burn!
The jelly is moderately wounded.
The jelly hits you.
You are splashed with acid!
You feel threatened and lose the ability to read scrolls!
* * * LOW HITPOINT WARNING * * *
The jelly hits you.
* * * LOW HITPOINT WARNING * * *
You are splashed with acid!
You die...

... ... #.# +#
#.# ... ##.#
.... ##..#
.....
##...####!.....
#......@J......
##...####......
##..# .....
##.# )... #.#
... #.# +#
#.### #..<#
###.#####


You could see a jelly.

Vanquished Creatures
  3 adders (D:2)
  A worm (D:2)
  4 dart slugs (D:1)
  3 bats (D:2)
  5 endoplasms
  A giant cockroach (D:1)
  7 goblins
  3 hobgoblins
  7 jackals (D:1)
  2 quokkas (D:2)
  4 ball pythons
  2 frilled lizards
  6 kobolds
  6 rats
54 creatures vanquished.

Notes
Turn   | Place    | Note
-------+----------+-------------------------------------------
     0 | D:1      | Iich the Hill Orc Fighter began the quest for the Orb.
     0 | D:1      | Reached XP level 1. HP: 19/19 MP: 1/1
    62 | D:1      | Reached skill level 3 in Axes
    62 | D:1      | Reached XP level 2. HP: 13/27 MP: 2/2
   190 | D:1      | Found a faded altar of an unknown god.
   217 | D:1      | Reached XP level 3. HP: 33/33 MP: 3/3
   406 | D:1      | Reached skill level 4 in Axes
   647 | D:2      | Reached XP level 4. HP: 39/41 MP: 4/4
   753 | D:2      | Reached skill level 5 in Axes
  1020 | D:2      | Gained mutation: Armour fits poorly on your strangely
                  | shaped body. [potion of mutation]
  1020 | D:2      | Gained mutation: Your magical capacity is low. (-10% MP)
                  | [potion of mutation]
  1021 | D:2      | Lost mutation: Your magical capacity is low. (-10% MP)
                  | [potion of mutation]
  1021 | D:2      | Lost mutation: Armour fits poorly on your strangely shaped
                  | body. [potion of mutation]
  1021 | D:2      | Gained mutation: You possess an exceptional clarity of
                  | mind. [potion of mutation]
  1021 | D:2      | Gained mutation: You occasionally lose the ability to read
                  | scrolls when taking damage. [potion of mutation]
  1021 | D:2      | Gained mutation: Your system is resistant to poisons.
                  | (rPois) [potion of mutation]
  1113 | D:3      | Splashed by a jelly's acid

Illustrated notes

Levels and vault maps discovered:
D:1:      eino_arrival_water_cross, layout_rooms,
          shapermc_ecumenical_altar_petra
D:2:      cheibrodos_old_hovel, layout_rooms, minmay_surrounded
D:3:      layout_loops_corners, cheibrodos_ashenzari_chains, serial_shops,
          nicolae_shop_tiny_real_fake_doors, uniq_natasha, uniq_jessica

Skill      XL: |  1  2  3  4 |
---------------+-------------+-----
Fighting       | 4 |  4.6
Axes           | 3 4 5 |  5.4
Armour         | |  3.2
Shields        | |  3.2

Action                     |  1- 3 |  4- 6 || total
---------------------------+-------+-------++-------
  Melee: War axe           |    71 |    50 ||   121
    Use: Scroll            |       |     4 ||     4
         Potion            |       |     4 ||     4
 Armour: Scale mail        |    31 |    25 ||    56
  Dodge: Dodged            |    31 |    17 ||    48
  Block: Buckler           |    16 |    13 ||    29
